Map: Dusk Towers

Players

Kaldi - Winner!

  • Race: Zerg Zerg
  • League: Master

turboD

  • Race: Protoss Protoss
  • League: Master

VOD

Have the link to the VOD?

Description

Time

  • Played on: March 13, 2016, 8:59 a.m.
  • Length: 7:41
Show
View Real Time Build Order
Export as new Build Order

Kaldi Zerg - Winner!

Build Orders: Pool First 

Get SALT Encoding   

  12  0:07  Drone  
  13  0:24  Spawning Pool  
  13  0:28  Drone  
  13  0:35  Overlord  
  13  0:38  Drone  
  14  0:54  Drone x2  
  16  1:11  Zergling x2  
  16  1:12  Queen, Zergling x2  
  20  1:26  Zergling x2  
  20  1:31  Hatchery  
  20  1:35  Drone  
  21  1:46  Overlord  
  21  2:06  Drone x2  
  21  2:23  Drone x4  
  21  2:26  Hatchery  
  24  2:30  Drone  
  24  2:35  Queen  
  26  2:47  Drone x2  
  28  2:54  Drone  
  28  2:56  Drone  
  28  2:57  Drone x2  
  32  3:04  Drone  
  33  3:07  Extractor  
  33  3:08  Drone  
  33  3:09  Drone  
  34  3:15  Queen  
  36  3:21  Overlord  
  36  3:24  Overlord  
  36  3:40  Zergling x2  
  36  3:41  Zergling x4  
  39  3:43  Drone x2  
  39  3:44  Drone x5  
  46  3:49  Roach Warren  
  46  3:51  Drone x2  
  47  3:57  Drone  
  48  4:08  Overlord  
  48  4:09  Overlord  
  48  4:13  Drone x2  
  48  4:15  Lair  
  50  4:19  Overlord  
  50  4:27  Extractor  
  50  4:28  Extractor, Drone x9  
  57  4:33  Drone  
  58  4:39  Roach  
  58  4:40  Drone x3  
  58  4:43  Extractor  
  58  4:45  Drone  
  63  4:47  Evolution Chamber  
  63  4:48  Drone  
  63  4:57  Drone x3  
  63  4:58  Metabolic Boost  
  66  5:01  Overlord x3  
  66  5:05  Spore Crawler x2  
  60  5:08  Drone  
  60  5:09  Drone x2  
  62  5:15  Drone x4  
  62  5:17  Zerg Missile Weapons Level 1  
  66  5:23  Drone x2  
  66  5:24  Drone x2  
  66  5:26  Drone x2  
  72  5:28  Glial Reconstitution  
  72  5:33  Spore Crawler  
  72  5:34  Drone x2  
  73  5:38  Roach x2  
  77  5:47  Roach x4  
  77  5:49  Roach  
  89  5:50  Roach  
  89  5:56  Overlord  
  89  5:57  Overlord x2  
  89  6:10  Overlord x2  
  89  6:13  Hatchery  
  88  6:26  Roach x11  
  88  6:31  Roach x3  
  116  6:34  Roach  
  116  6:35  Roach  
  120  6:41  Overlord x2  
  120  6:45  Roach x3  
  126  6:51  Roach x2  
  130  6:57  Extractor  
  130  6:58  Extractor  
  130  6:59  Spire, Zergling x12  
  133  7:03  Zergling x6  
  133  7:08  Zergling x6  
  140  7:15  Zergling x4  
Show
View Real Time Build Order
Export as new Build Order

turboD Protoss 

Build Orders: Oracle Opening, Zealot Archon 

Get SALT Encoding   

  12  0:01  Probe (Chrono Boost)  
  13  0:11  Probe (Chrono Boost)  
  14  0:19  Pylon  
  14  0:22  Probe (Chrono Boost)  
  15  0:37  Probe (Chrono Boost)  
  16  0:46  Gateway  
  16  0:48  Probe (Chrono Boost)  
  17  0:51  Assimilator  
  17  0:58  Probe (Chrono Boost)  
  18  1:08  Pylon  
  18  1:09  Probe (Chrono Boost)  
  19  1:13  Assimilator  
  19  1:22  Probe (Chrono Boost)  
  20  1:33  Probe (Chrono Boost), Zealot (Chrono Boost)  
  20  1:35  Cybernetics Core  
  23  1:43  Probe (Chrono Boost)  
  24  1:55  Probe  
  25  2:06  Zealot (Chrono Boost)  
  27  2:23  Mothership Core  
  27  2:25  Warp Gate  
  27  2:31  Nexus  
  27  2:40  Stalker (Chrono Boost)  
  29  2:44  Probe  
  30  2:56  Probe  
  31  3:03  Stargate  
  31  3:16  Pylon  
  31  3:25  Pylon  
  34  3:34  Sentry, Probe (Chrono Boost)  
  34  3:45  Probe (Chrono Boost)  
  34  3:48  Oracle (Chrono Boost)  
  38  3:50  Twilight Council  
  38  3:52  Gateway  
  38  3:54  Probe (Chrono Boost)  
  39  3:57  Probe  
  40  4:04  Probe  
  41  4:10  Stalker  
  41  4:16  Probe  
  43  4:17  Probe  
  45  4:26  Probe  
  45  4:29  Probe  
  45  4:30  Assimilator  
  46  4:35  Assimilator  
  46  4:37  Probe, Templar Archives  
  46  4:39  Pylon  
  46  4:43  Probe  
  48  4:47  Probe  
  49  4:55  Probe  
  49  4:56  Zealot  
  49  4:58  Probe  
  53  5:07  Probe  
  53  5:13  Probe  
  54  5:17  Zealot x2  
  54  5:20  Probe  
  60  5:23  Probe  
  61  5:32  Probe  
  61  5:34  Nexus  
  62  5:43  Pylon  
  62  5:45  Pylon  
  62  5:50  Phoenix (Chrono Boost)  
  64  6:01  Stargate  
  64  6:10  Forge  
  61  6:13  Phoenix  
  61  6:16  Pylon  
  63  6:22  Zealot x2  
  67  6:32  Gateway  
  67  6:33  Gateway  
  67  6:34  Probe x2 (Chrono Boost), Gateway  
  67  6:38  Pylon  
  69  6:41  Phoenix  
  71  6:48  Photon Cannon  
  71  6:51  High Templar x2  
  75  6:56  Phoenix  
  77  7:05  Archon, Assimilator  
  77  7:09  Phoenix, Assimilator  
  77  7:12  Probe x2 (Chrono Boost)  
  77  7:13  Probe (Chrono Boost)  
  82  7:20  Photon Cannon  
  82  7:22  Photon Cannon  
Tags
 
Add a new tag
Caveats
  • Supply blocks, unpowered buildings, or Contaminate may cause inaccurate times.
  • Supply counts are checked every 10 seconds.